 Dungeon Crawl Stone Soup version 0.30-a0-847-g17996783a1 (webtiles) character file.

Game seed: 9819985047649984334

16881 pyrow613 the Arsonist (level 11, -6/88 HPs)
             Began as a Demigod Fire Elementalist on Mar 2, 2023.
             Killed from afar by a gargoyle (8 damage)
             ... with a stone arrow
             ... while petrified by a catoblepas
             ... in a Gauntlet on Mar 3, 2023.
             The game lasted 01:30:09 (15491 turns).

pyrow613 the Arsonist (Demigod Fire Elementalist)  Turns: 15491, Time: 01:30:09

Health: -6/88      AC:  9    Str:  9    XL:     11   Next: 85%
Magic:  13/26      EV:  2    Int: 41    God:
Gold:   522        SH:  0    Dex: 14    Spells: 8/24 levels left

rFire   . . .      SeeInvis +    b - staff of conjuration
rCold   . . .      Faith    .    d - +0 buckler
rNeg    + + +      Spirit   .    I - +0 troll leather armour
rPois   ∞          Reflect  .    E - +2 helmet {SInv}
rElec   .          Rampage  .    (no cloak)
rCorr   .          NoTele   +    (no gloves)
Will    +....                    w - +1 pair of boots
Stlth   +++                      F - amulet of the acrobat
HPRegen 1.14/turn                q - +6 ring of intelligence
MPRegen 0.20/turn                C - +6 ring of intelligence

@: petrified
A: high MP 1, forlorn, divine attributes
a: no special abilities


You were in a Gauntlet.
You visited 1 branch of the dungeon, and saw 13 of its levels.
You also visited: Gauntlet.

You collected 600 gold pieces.
You spent 78 gold pieces at shops.

Inventory:

Hand Weapons
 a - a +2 spectral dagger
 o - a +0 whip of venom
 v - a +2 long sword of holy wrath
Missiles
 e - 6 throwing nets
Armour
 d - a +0 buckler (worn)
 w - a +1 pair of boots (worn)
 E - a +2 helmet of see invisible (worn)
 I - a +0 troll leather armour (worn)
Magical Staves
 b - a staff of conjuration (weapon)
Jewellery
 j - a ring of willpower
 q - a +6 ring of intelligence (left hand)
 r - a ring of protection from fire
 C - a +6 ring of intelligence (right hand)
 F - an amulet of the acrobat (around neck)
 G - a ring of flight
 J - a ring of see invisible
Wands
 k - a wand of flame (3)
 t - a wand of roots (9)
 x - a wand of paralysis (18)
 H - a wand of acid (8)
Scrolls
 f - a scroll of brand weapon
 h - a scroll of identify
 m - 6 scrolls of teleportation
 y - a scroll of magic mapping
Potions
 c - 2 potions of berserk rage
 g - 3 potions of haste
 i - 2 potions of brilliance
 l - 4 potions of heal wounds
 n - 2 potions of ambrosia
 p - 4 potions of curing
 s - 2 potions of lignification
 u - 2 potions of magic
 z - a potion of mutation
 A - 4 potions of might
 B - a potion of resistance
 D - a potion of cancellation


   Skills:
 + Level 5.3 Fighting
 - Level 4.0 Short Blades
 + Level 3.2 Staves
 + Level 6.0 Dodging
 + Level 6.4 Stealth
 - Level 4.0 Shields
 * Level 7.3 Spellcasting
 * Level 8.1 Conjurations
 - Level 3.0 Summonings
 * Level 8.3 Fire Magic


You had 8 spell levels left.
You knew the following spells:

 Your Spells              Type           Power      Damage    Failure   Level
a - Foxfire               Conj/Fire      100%       2x1d9     1%          1
b - Scorch                Fire           100%       2d10      1%          2
c - Magic Dart            Conj           100%       1d8       1%          1
d - Call Imp              Summ           39%        N/A       1%          2
e - Kindle Blastsparks    Fire/Tloc/Air  74%        2d16      3%          3
f - Flame Wave            Conj/Fire      89%        2d19      1%          4
g - Mephitic Cloud        Conj/Pois/Air  54%        N/A       4%          3

Your spell library contained the following spells:

 Spells                   Type           Power      Damage    Failure   Level
 Summon Small Mammal      Summ           100%       N/A       1%          1
 Inner Flame              Hex/Fire       49%        N/A       2%          3
 Apportation              Tloc           30%        N/A       4%          1
 Necrotise                Necr           60%        1d7       4%          1
 Lesser Beckoning         Tloc           30%        N/A       6%          2
 Gell's Gravitas          Tloc           15%        N/A       12%         3
 Teleport Other           Tloc           15%        N/A       12%         3
 Animate Armour           Summ/Erth      54%        N/A       22%         4
 Cause Fear               Hex            7%         N/A       36%         4
 Blade Hands              Tmut           7%         N/A       73%         5
 Iron Shot                Conj/Erth      32%        9d7       75%         6
 Dragon Form              Tmut           7%         N/A       100%        7
 Chain Lightning          Conj/Air       32%        3d42      100%        9
 Dragon's Call            Summ           19%        N/A       100%        9
 Fire Storm               Conj/Fire      44%        8d11      100%        9
 Shatter                  Erth           7%         3d10*     100%        9


Dungeon Overview and Level Annotations

Branches:
Dungeon (13/15)            Temple (0/1) D:4            Lair (0/5) D:10
    Orc (0/2) D:12        Gauntlet (1/1)
 Vaults: D:13-14

Shops:
D:6 ?

Annotations:
D:5 2 runed translucent doors
D:7 exclusion: oklob plant
D:12 2 runed translucent doors, exclusion: orange crystal statue Gauntlet 9 transporters


Innate Abilities, Weirdness & Mutations

You have an increased reservoir of magic. (+10% MP)
You shall have no god before yourself.
Your divine heritage dramatically boosts your attributes as you level up.


Message History

The catoblepas is severely wounded.
The flame wave engulfs your crimson imp.
Your crimson imp completely resists. (Press . to intensify the flame waves.)
You are engulfed in calcifying dust.
You are slowing down.
The catoblepas gores you!
Your crimson imp is engulfed in calcifying dust.
A wave of flame ripples out!
The flame wave engulfs the catoblepas!
The catoblepas is almost dead.
The flame wave engulfs your crimson imp.
Your crimson imp completely resists.
The catoblepas barely misses you. The catoblepas gores you!!
* * * LOW HITPOINT WARNING * * *
Your limbs are stiffening.
Unknown command.
A wave of flame ripples out!
The flame wave engulfs the catoblepas!!
You kill the catoblepas!
The flame wave engulfs your crimson imp.
Your crimson imp completely resists.
The flame wave engulfs the gargoyle!
The gargoyle is almost destroyed.
You finish channelling waves of flame.
Your crimson imp is no longer petrified.
You have turned to stone.
Your Dodging skill increases to level 6!
The gargoyle hits you with a +0 mace!
* * * LOW HITPOINT WARNING * * *
The gargoyle hurls a stone arrow at you.
The stone arrow hits you!
* * * LOW HITPOINT WARNING * * *
Your crimson imp blinks!
The gargoyle hits you with a +0 mace!
* * * LOW HITPOINT WARNING * * *
Your crimson imp blinks!
The gargoyle hits you with a +0 mace.
* * * LOW HITPOINT WARNING * * *
The gargoyle hurls a stone arrow at you.
The stone arrow hits you!
You die...

...yy#..#hhh#.#..y#..#...*..333#.
######..###########..###########.
.................................
................................∩
.#########..#########..#########.
.#.......#..###...###..#.#.....#.
.#.##....#..###..)###..#.#.###)#.
.#.#.##..####..##5.#####.###..=#.
©#.#.©#.©#©©#..#@#.©#©©#...©..©#.
.#.##..#.####..9##?#####.###..(#§
.#..####.#..###...###..#.#.###.#.
.#.......#..###...###..#.#2....#.
.#########..#########..#########.
.................................
....§.§.......§...........§§.....
#≈#≈#≈#≈#§#≈#§#§#≈#≈#≈#≈#≈#§#≈#≈#
#################################


You could see a gargoyle (ally target) and a friendly crimson imp (summoned).

Vanquished Creatures
  Josephine (D:13)
  2 centaur warriors (D:13)
  A catoblepas (Gauntlet)
  2 two-headed ogres
  2 ugly things (D:12)
  A manticore (D:12)
  A cyclops (D:11)
  A gargoyle (D:13)
  4 trolls
  Prince Ribbit (D:6)
  A jumping spider (shapeshifter) (D:13)
  5 flying skulls (Gauntlet)
  2 shadows
  2 vampires
  A wyvern (D:8)
  5 wraiths
  8 yaks
  Menkaure (D:7)
  A steam dragon (D:8)
  4 vampire mosquitoes
  Edmund (D:4)
  An acid dragon (D:8)
  A water moccasin (D:4)
  6 black bears
  2 sky beasts
  7 orc warriors
  An ice beast (D:7)
  6 ogres
  5 centaurs
  3 kobold brigands
  A phantom (D:4)
  4 gnoll sergeants
  3 scorpions
  2 bullfrogs (D:9)
  4 wights (D:6)
  3 killer bees (D:10)
  2 electric eels (D:11)
  3 howler monkeys
  11 jellies
  2 hounds
  7 orc priests
  A gnoll bouda (D:8)
  A sleepcap (D:7)
  Natasha (thrice) (D:3)
  3 iguanas
  11 orc wizards
  17 gnolls
  14 adders
  3 shadow imps
  A white imp (D:6)
  A worm (D:3)
  A dart slug (D:1)
  49 orcs
  7 ball pythons
  15 endoplasms
  5 giant cockroaches
  3 goblins
  10 hobgoblins
  17 kobolds
  3 quokkas
  4 bats
  2 frilled lizards
  6 rats
298 creatures vanquished.

Vanquished Creatures (collateral kills)
  A gargoyle (D:13)
  A centaur (D:10)
  2 killer bees (D:10)
  2 orc wizards
  A gnoll (D:4)
  A worm (D:4)
  3 orcs
  An endoplasm (D:4)
  A goblin (D:4)
13 creatures vanquished.

Vanquished Creatures (others)
  1012 foxfires
  10 fungi (D:7)
  3 plants
1025 creatures vanquished.

Grand Total: 1336 creatures vanquished

Notes
Turn   | Place    | Note
-------+----------+-------------------------------------------
     0 | D:1      | pyrow613 the Demigod Fire Elementalist began the quest for
                  | the Orb.
     0 | D:1      | Reached XP level 1. HP: 14/14 MP: 5/5
    31 | D:1      | Reached skill level 1 in Conjurations
   568 | D:1      | Reached XP level 2. HP: 18/20 MP: 4/7
   986 | D:2      | Reached XP level 3. HP: 26/26 MP: 6/8
  1943 | D:3      | Learned a level 2 spell: Scorch
  1945 | D:3      | Learned a level 1 spell: Magic Dart
  1948 | D:3      | Learned a level 2 spell: Call Imp
  2141 | D:3      | Noticed Natasha
  2165 | D:3      | Killed Natasha
  2166 | D:3      | Reached XP level 4. HP: 34/34 MP: 4/9
  2258 | D:3      | Noticed Natasha
  2265 | D:3      | Killed Natasha
  2362 | D:3      | Reached skill level 1 in Fighting
  2400 | D:3      | Noticed Natasha
  2432 | D:3      | Killed Natasha
  2433 | D:3      | Reached skill level 1 in Shields
  2433 | D:3      | Reached XP level 5. HP: 36/40 MP: 1/11
  3247 | D:4      | Reached skill level 1 in Short Blades
  3358 | D:4      | Noticed Edmund
  3408 | D:4      | Killed Edmund
  3409 | D:4      | Reached XP level 6. HP: 25/47 MP: 2/12
  3726 | D:4      | Reached XP level 7. HP: 53/53 MP: 7/14
  3832 | D:4      | Learned a level 3 spell: Kindle Blastsparks
  3969 | D:4      | Found a staircase to the Ecumenical Temple.
  4130 | D:4      | Reached skill level 1 in Summonings
  4539 | D:4      | You fall into a shaft and drop 1 floor!
  4539 | D:5      | Entered Level 5 of the Dungeon
  5177 | D:5      | Found a runed translucent door.
  5371 | D:5      | Reached XP level 8. HP: 61/61 MP: 12/16
  5692 | D:5      | Found a runed translucent door.
  5774 | D:6      | Noticed Prince Ribbit
  5782 | D:6      | Killed Prince Ribbit
  5938 | D:6      | Learned a level 4 spell: Flame Wave
  6377 | D:6      | Reached skill level 5 in Fire Magic
  6495 | D:6      | Found Lyeweyx's Magic Scroll Shoppe.
  6537 | D:6      | Bought a scroll of identify for 26 gold pieces
  6537 | D:6      | Bought a scroll of identify for 26 gold pieces
  6537 | D:6      | Bought a scroll of identify for 26 gold pieces
  6817 | D:6      | Reached XP level 9. HP: 68/68 MP: 14/18
  6844 | D:6      | Identified the +1 short sword of the Immovable Visions
                  | {flame, rPois rC- Int+2 Dex+5}
  7060 | D:6      | Learned a level 3 spell: Mephitic Cloud
  7415 | D:7      | Noticed Menkaure
  7422 | D:7      | Killed Menkaure
  7423 | D:7      | Reached skill level 5 in Conjurations
  7541 | D:7      | Noticed an oklob plant
  8399 | D:8      | Noticed a two-headed ogre
  8415 | D:8      | Killed a two-headed ogre
  8416 | D:8      | Reached skill level 5 in Spellcasting
 10079 | D:9      | Reached XP level 10. HP: 78/78 MP: 9/21
 10271 | D:9      | Reached skill level 5 in Stealth
 11152 | D:10     | Entered Level 10 of the Dungeon
 11238 | D:10     | Found a staircase to the Lair.
 11885 | D:10     | Reached skill level 5 in Dodging
 12108 | D:10     | Reached skill level 1 in Staves
 12468 | D:11     | Noticed a cyclops
 12488 | D:11     | Killed a cyclops
 13526 | D:12     | Noticed a manticore
 13536 | D:12     | Killed a manticore
 13601 | D:12     | Found a staircase to the Orcish Mines.
 13602 | D:12     | Upgraded the game from 0.30-a0-845-g7c6808c8ce to
                  | 0.30-a0-847-g17996783a1
 13607 | D:12     | Reached XP level 11. HP: 72/85 MP: 11/24
 13888 | D:12     | Found a runed translucent door.
 13889 | D:12     | Noticed an orange crystal statue
 13889 | D:12     | Found the +10 tower shield of Ignorance {rN+ Int-4}
 14288 | D:12     | Noticed a two-headed ogre
 14301 | D:12     | Killed a two-headed ogre
 14547 | D:12     | Found a runed translucent door.
 14830 | D:13     | Noticed a centaur warrior
 14837 | D:13     | Killed a centaur warrior
 14838 | D:13     | Reached skill level 5 in Fighting
 14960 | D:13     | Noticed a centaur warrior
 14974 | D:13     | Killed a centaur warrior
 15045 | D:13     | Found a gate leading to a gauntlet.
 15046 | D:13     | Noticed Josephine
 15057 | D:13     | Killed Josephine
 15098 | Gauntlet | Entered a Gauntlet
 15098 | Gauntlet | Found a transporter.
 15098 | Gauntlet | Found a transporter.
 15098 | Gauntlet | Found a transporter.
 15182 | Gauntlet | Found a transporter.
 15183 | Gauntlet | Found a transporter.
 15186 | Gauntlet | Found a transporter.
 15190 | Gauntlet | Found a runed translucent door.
 15192 | Gauntlet | Found a runed translucent door.
 15193 | Gauntlet | Noticed a catoblepas
 15194 | Gauntlet | Found a transporter.
 15195 | Gauntlet | Found a transporter.
 15198 | Gauntlet | Found a transporter.
 15199 | Gauntlet | Found a transporter.
 15213 | Gauntlet | Found a transporter.
 15215 | Gauntlet | Noticed a wretched star
 15218 | Gauntlet | Found a transporter.
 15486 | Gauntlet | Killed a catoblepas
 15489 | Gauntlet | HP: 1/88 [gargoyle/+0 mace (7)]
 15491 | Gauntlet | Killed from afar by a gargoyle

Illustrated notes

Levels and vault maps discovered:
D:1:      minmay_arrival_four_houses, layout_basic,
          shapermc_ecumenical_altar_hornbeckon
D:2:      wad_crossroads, layout_rooms, serial_bayou_lagoon_b
D:3:      layout_basic, uniq_natasha
D:4:      layout_loops_ring, minmay_temple_entry_stoned_glass,
          minmay_misc_feat_diagonals, roderic_lattice_a, nrook_uturn,
          uniq_edmund
D:5:      lemuel_insect_pit, layout_rooms, mainiacjoe_overflow_swirl,
          grunt_ministairs_12
D:6:      layout_cave_pools, nemelex_xobeh_ov_fountains_minmay, serial_shops,
          shop, minmay_puff, uniq_prince_ribbit1
D:7:      lemuel_slime, layout_cave_pools, grunt_ogre_cave,
          minmay_misc_feat_four_crosses, uniq_menkaure
D:8:      gammafunk_indiana_jones, layout_basic
D:9:      layout_stronghold, kennysheep_orc_sif_temple, evilmike_minifort
D:10:     nicolae_cairo_tiling_large_dashed, layout_irregular_city,
          dpeg_oklobed_lair
D:11:     layout_basic, minmay_misc_feat_iff
D:12:     layout_long_grid, kennysheep_orc_monster_closet_entryway,
          chequers_guarded_unrand_ignorance
D:13:     layout_roguey, gauntlet_entry_generic, palyth_stone_intersect,
          minivault_13, uniq_josephine
Gauntlet: minmay_gauntlet_mixed_big_or_small [nicolae_gauntlet_arena_quarters,
          minmay_gauntlet_arena_77_hold_the_fort,
          gammafunk_gauntlet_arena_chambers, minmay_gauntlet_arena_77_cramped,
          nicolae_gauntlet_arena_grate_2, minmay_gauntlet_arena_77_mirror,
          gauntlet_exit_green]

Skill      XL: |  1  2  3  4  5  6  7  8  9 10 11 |
---------------+----------------------------------+-----
Conjurations   | 1 2 3 4 5 7 8 |  8.1
Stealth        | 2 3 4 5 6 |  6.4
Dodging        | 2 3 4 5 6 |  6.0
Spellcasting   | 2 3 4 5 6 7 |  7.3
Fire Magic     | 3 4 5 6 7 8 |  8.3
Fighting       | 1 2 3 4 5 |  5.3
Shields        | 1 2 3 4 |  4.0
Short Blades   | 1 2 3 4 |  4.0
Summonings     | 1 2 3 |  3.0
Staves         | 1 3 |  3.2

Action                     |  1- 3 |  4- 6 |  7- 9 | 10-12 || total
---------------------------+-------+-------+-------+-------++-------
  Melee: Short sword       |    24 |       |       |       ||    24
         Dagger            |    48 |    20 |    54 |    51 ||   173
         Staff             |       |       |       |     8 ||     8
   Cast: Foxfire           |    48 |    62 |   251 |   225 ||   586
         Scorch            |     2 |    17 |    42 |    93 ||   154
         Call Imp          |       |     1 |     7 |    17 ||    25
         Kindle Blastspark |       |       |    10 |     2 ||    12
         Flame Wave        |       |       |     3 |    11 ||    14
         Mephitic Cloud    |       |       |       |     2 ||     2
         Magic Dart        |       |       |       |     1 ||     1
    Use: Scroll            |     5 |     2 |    14 |     4 ||    25
         Potion            |       |     2 |       |       ||     2
   Stab: Sleeping          |     3 |       |     4 |       ||     7
         Distracted        |       |       |     1 |       ||     1
 Armour: Robe              |    13 |       |     7 |     3 ||    23
         Troll leather arm |       |       |       |    24 ||    24
  Dodge: Dodged            |    30 |    14 |    41 |    91 ||   176
  Block: Buckler           |    14 |     4 |    18 |    34 ||    70

Table legend: (Time is in decaauts)
 A = Elapsed time spent in this place.
 B = Non-inter-level travel time spent in this place.
 C = Inter-level travel time spent in this place.
 D = Time resting spent in this place.
 E = Time spent auto-exploring this place.
 F = Levels seen in this place.
 G = Mean time per level.
                   A        B        C        D        E       F      G
               +--------+--------+--------+--------+--------+-----+--------+
         Total |  15548 |  15050 |    498 |   2561 |   9795 |  14 | 1110.6 |
       Dungeon |  15151 |  14653 |    498 |   2401 |   9795 |  13 | 1165.5 |
      Gauntlet |    397 |    397 |      0 |    159 |      0 |   1 |  397.0 |
               +--------+--------+--------+--------+--------+-----+--------+

Top non-repeatable levels by time:
     D:4: 1706 daAuts
     D:9: 1687 daAuts
    D:11: 1322 daAuts
     D:6: 1284 daAuts
     D:3: 1230 daAuts
     D:8: 1223 daAuts
    D:12: 1126 daAuts
    D:10: 1100 daAuts
     D:7: 1064 daAuts
     D:2: 1041 daAuts
     D:5: 1019 daAuts
     D:1: 937 daAuts
    D:13: 407 daAuts
Gauntlet: 397 daAuts
